[ AOE2 MATCH · #480620122 ]
UnrankedKhmer vs Vietnamese
Player's team · WIN
Rival team · LOSS
[ REPLAY ANALYSIS · EXTRACTED FROM THE RECORDED GAME ]
Feudal
12:28
Castle
17:11
Imperial
30:59
| APM avg | 25.6 |
| APM peak | 115 |
| eAPM avg | 15.7 |
| Villagers / military | 134 / 298 |
Focus
⚔️ 29.2% · 🌾 70.8%
Battle Elephant ×132 · Scout Cavalry ×81 · Scorpion ×36 · Ballista Elephant ×17 · Trebuchet (Packed) ×13 · Battering Ram ×12
Feudal
—
Castle
—
Imperial
—
| APM avg | 20.0 |
| APM peak | 44 |
| eAPM avg | 12.7 |
| Villagers / military | 115 / 419 |
Focus
⚔️ 37.0% · 🌾 63.0%
Fire Lancer ×220 · Skirmisher ×164 · Bombard Cannon ×16 · Mangonel ×11 · Scout Cavalry ×5 · Monk ×3
Match map
Initial resources + every placement click. Lines = walls · curves = elevation contours. ◆ gold · ⬟ stone · ● berries · ✦ relic · ◌ wall gap
Your base· ✓ Closed at 17:11 · 0t walls · 2 gate(s)
ThNgan269's base· ✓ Closed at 13:56 · 0t walls · 2 gate(s)
Smoothed initial terrain · ◌ = detected wall gap · hover for details
Inputs per minute
— Utnapishtim - - ThNgan269
Build order — Utnapishtim
First 150 of 363 actions detected
| 0:00 | Create | Villager (Male) |
| 0:01 | Create | Villager (Male) |
| 0:01 | Create | Villager (Male) |
| 0:02 | Create | Villager (Male) |
| 0:02 | Build | House |
| 0:04 | Build | House |
| 1:11 | Create | Villager (Male) |
| 1:11 | Create | Villager (Male) |
| 1:27 | Build | House |
| 2:09 | Create | Villager (Male) |
| 2:10 | Create | Villager (Male) |
| 2:29 | Create | Villager (Male) |
| 3:08 | Create | Villager (Male) |
| 3:08 | Create | Villager (Male) |
| 3:08 | Create | Villager (Male) |
| 3:51 | Create | Villager (Male) |
| 3:52 | Create | Villager (Male) |
| 3:52 | Create | Villager (Male) |
| 3:52 | Create | Villager (Male) |
| 4:30 | Build | House |
| 4:33 | Build | House |
| 4:41 | Build | Mill |
| 5:18 | Create | Villager (Male) |
| 5:19 | Create | Villager (Male) |
| 5:19 | Create | Villager (Male) |
| 5:19 | Create | Villager (Male) |
| 5:56 | Create | Villager (Male) |
| 6:16 | Build | Mining Camp |
| 6:43 | Create | Villager (Male) |
| 7:10 | Create | Villager (Male) |
| 7:30 | Build | Lumber Camp |
| 8:02 | Build | Mill |
| 8:12 | Create | Villager (Male) |
| 8:12 | Create | Villager (Male) |
| 8:12 | Create | Villager (Male) |
| 9:12 | Create | Villager (Male) |
| 9:12 | Create | Villager (Male) |
| 9:38 | Build | Lumber Camp |
| 9:52 | Build | Mining Camp |
| 9:59 | Research | Feudal Age |
| 11:12 | Build | Farm |
| 11:16 | Build | Farm |
| 12:00 | Create | Villager (Male) |
| 12:28 | Age | Feudal Age |
| 12:29 | Research | Double-Bit Axe |
| 12:29 | Research | Double-Bit Axe |
| 12:34 | Research | Horse Collar |
| 13:07 | Build | House |
| 13:10 | Build | House |
| 13:33 | Research | Wheelbarrow |
| 14:31 | Research | Castle Age |
| 14:31 | Research | Castle Age |
| 15:49 | Build | Farm |
| 15:49 | Build | Farm |
| 15:57 | Build | Farm |
| 15:57 | Build | Farm |
| 15:58 | Build | Farm |
| 15:58 | Build | Farm |
| 17:11 | Age | Castle Age |
| 17:15 | Build | Town Center |
| 17:20 | Build | Town Center |
| 17:24 | Build | Town Center |
| 17:27 | Research | Wheelbarrow |
| 17:30 | Research | Bow Saw |
| 17:45 | Build | Farm |
| 17:45 | Build | Farm |
| 18:25 | Build | Siege Workshop |
| 18:28 | Build | House |
| 18:29 | Build | House |
| 18:30 | Build | House |
| 18:39 | Create | Villager (Male) |
| 18:39 | Create | Villager (Male) |
| 19:02 | Build | Farm |
| 19:02 | Build | Farm |
| 19:21 | Create | Villager (Male) ×5 |
| 19:21 | Create | Villager (Male) ×5 |
| 19:37 | Build | Farm |
| 19:46 | Build | Farm |
| 19:47 | Build | Farm |
| 19:51 | Build | Farm |
| 19:55 | Build | Farm |
| 20:01 | Build | Farm |
| 20:07 | Build | Farm |
| 20:11 | Create | Scorpion |
| 20:26 | Build | House |
| 20:29 | Build | House |
| 20:37 | Research | Hand Cart |
| 20:40 | Create | Villager (Male) |
| 20:40 | Create | Villager (Male) |
| 20:51 | Build | Lumber Camp |
| 20:58 | Build | Farm |
| 20:58 | Build | Farm |
| 21:06 | Build | Farm |
| 21:12 | Build | Farm |
| 21:27 | Build | Market |
| 21:34 | Create | Villager (Male) ×5 |
| 21:34 | Create | Villager (Male) ×5 |
| 22:07 | Create | Villager (Male) ×5 |
| 22:13 | Build | Farm |
| 22:18 | Build | Farm |
| 22:28 | Create | Villager (Male) ×4 |
| 22:28 | Create | Villager (Male) ×4 |
| 22:29 | Create | Villager (Male) ×4 |
| 22:38 | Build | Farm |
| 22:40 | Build | Farm |
| 22:45 | Build | Farm |
| 23:00 | Build | Farm |
| 23:01 | Build | Farm |
| 23:01 | Build | Farm |
| 23:04 | Create | Villager (Male) ×5 |
| 23:13 | Build | House |
| 23:16 | Build | House |
| 23:18 | Build | House |
| 23:23 | Research | Heavy Plow |
| 23:33 | Create | Scorpion |
| 23:54 | Create | Villager (Male) ×5 |
| 23:55 | Create | Villager (Male) ×5 |
| 24:00 | Build | Farm |
| 24:01 | Build | Farm |
| 24:01 | Build | Farm |
| 24:01 | Build | Farm |
| 24:07 | Build | Farm |
| 24:07 | Build | Farm |
| 24:09 | Build | Farm |
| 24:19 | Build | Mining Camp |
| 24:21 | Research | Gold Mining |
| 24:26 | Create | Villager (Male) ×5 |
| 24:34 | Create | Villager (Male) ×4 |
| 24:39 | Build | Farm |
| 24:44 | Build | Farm |
| 24:51 | Build | Blacksmith |
| 25:00 | Create | Villager (Male) ×5 |
| 25:29 | Create | Scorpion |
| 25:44 | Build | Stable |
| 25:52 | Create | Villager (Male) ×5 |
| 25:53 | Create | Villager (Male) ×5 |
| 26:00 | Build | Farm |
| 26:00 | Build | Farm |
| 26:00 | Build | Farm |
| 26:01 | Build | Farm |
| 26:02 | Build | Farm |
| 26:41 | Create | Knight |
| 26:41 | Create | Knight |
| 27:13 | Build | Castle |
| 27:39 | Build | House |
| 27:40 | Build | House |
| 27:42 | Build | House |
| 27:43 | Build | House |
| 27:44 | Build | House |
| 27:45 | Build | House |
Build order — ThNgan269
First 150 of 431 actions detected
| 0:02 | Create | Villager (Male) |
| 0:02 | Create | Villager (Male) |
| 0:03 | Create | Villager (Male) |
| 0:03 | Create | Villager (Male) |
| 0:03 | Create | Villager (Male) |
| 0:18 | Build | House |
| 0:24 | Build | House |
| 1:52 | Create | Villager (Male) |
| 2:02 | Create | Villager (Male) |
| 2:23 | Build | Lumber Camp |
| 2:40 | Create | Villager (Male) |
| 2:53 | Create | Villager (Male) |
| 3:08 | Create | Villager (Male) |
| 3:55 | Build | House |
| 4:17 | Create | Villager (Male) |
| 4:53 | Create | Villager (Male) |
| 4:53 | Create | Villager (Male) |
| 5:02 | Create | Villager (Male) |
| 5:19 | Create | Villager (Male) |
| 5:43 | Build | House |
| 5:55 | Build | Mill |
| 5:55 | Create | Villager (Male) |
| 6:20 | Create | Villager (Male) |
| 6:39 | Create | Villager (Male) |
| 7:38 | Research | Feudal Age |
| 9:21 | Build | Mill |
| 9:50 | Create | Villager (Male) |
| 9:55 | Create | Villager (Male) |
| 10:10 | Build | Market |
| 10:28 | Create | Villager (Male) |
| 10:39 | Build | Mining Camp |
| 10:56 | Create | Villager (Male) |
| 11:01 | Build | House |
| 11:22 | Create | Villager (Male) |
| 11:35 | Build | Blacksmith |
| 11:43 | Create | Villager (Male) |
| 12:06 | Create | Villager (Male) |
| 12:16 | Build | Farm |
| 12:17 | Build | Farm |
| 12:23 | Build | Farm |
| 12:43 | Build | Farm |
| 12:50 | Build | Farm |
| 13:06 | Create | Villager (Male) |
| 13:16 | Build | Farm |
| 13:27 | Build | Farm |
| 13:33 | Create | Villager (Male) |
| 13:52 | Build | House |
| 13:56 | Research | Castle Age |
| 14:43 | Build | Mining Camp |
| 14:59 | Research | Double-Bit Axe |
| 15:07 | Research | Stone Mining |
| 15:08 | Research | Gold Mining |
| 15:24 | Build | House |
| 15:28 | Build | House |
| 15:31 | Build | House |
| 15:33 | Build | House |
| 15:35 | Build | House |
| 15:42 | Research | Horse Collar |
| 16:09 | Build | Barracks |
| 16:51 | Build | Town Center |
| 16:52 | Create | Villager (Male) |
| 17:16 | Build | Town Center |
| 17:34 | Create | Villager (Male) |
| 17:34 | Create | Villager (Male) |
| 17:35 | Create | Villager (Male) |
| 17:51 | Build | Stable |
| 18:09 | Build | Monastery |
| 18:12 | Create | Villager (Male) |
| 18:13 | Create | Villager (Male) |
| 18:13 | Create | Villager (Male) |
| 18:43 | Create | Villager (Male) |
| 18:44 | Create | Villager (Male) |
| 18:55 | Create | Villager (Male) |
| 18:55 | Create | Villager (Male) |
| 19:02 | Research | Bow Saw |
| 19:13 | Create | Monk |
| 19:14 | Create | Monk |
| 19:20 | Create | Scout Cavalry |
| 19:20 | Create | Scout Cavalry |
| 19:34 | Build | Farm |
| 19:36 | Build | Farm |
| 19:37 | Build | Farm |
| 19:48 | Build | Farm |
| 19:49 | Build | Farm |
| 19:49 | Build | Farm |
| 19:49 | Build | Farm |
| 20:07 | Create | Scout Cavalry |
| 20:29 | Create | Villager (Male) |
| 20:30 | Create | Villager (Male) |
| 20:40 | Create | Scout Cavalry |
| 20:41 | Create | Scout Cavalry |
| 20:53 | Build | Farm |
| 20:55 | Build | Farm |
| 20:57 | Create | Villager (Male) |
| 21:19 | Build | Farm |
| 21:21 | Create | Villager (Male) |
| 21:21 | Create | Villager (Male) |
| 21:59 | Create | Monk |
| 22:03 | Create | Villager (Male) |
| 22:04 | Create | Villager (Male) |
| 22:05 | Create | Villager (Male) |
| 22:05 | Create | Villager (Male) |
| 22:06 | Create | Villager (Male) |
| 22:18 | Build | Farm |
| 22:18 | Build | Farm |
| 22:19 | Build | Farm |
| 22:19 | Build | Farm |
| 22:19 | Build | Farm |
| 22:19 | Build | Farm |
| 22:20 | Build | Farm |
| 22:20 | Build | Farm |
| 22:27 | Build | Mill |
| 23:06 | Create | Villager (Male) |
| 23:07 | Create | Villager (Male) |
| 23:07 | Create | Villager (Male) |
| 23:08 | Create | Villager (Male) |
| 23:09 | Create | Villager (Male) |
| 23:20 | Build | Castle |
| 23:23 | Create | Villager (Male) |
| 23:24 | Create | Villager (Male) |
| 23:31 | Build | University |
| 23:34 | Create | Villager (Male) |
| 23:34 | Create | Villager (Male) |
| 23:35 | Create | Villager (Male) |
| 23:43 | Build | Farm |
| 23:44 | Build | Farm |
| 23:44 | Build | Farm |
| 23:49 | Build | Farm |
| 24:37 | Create | Villager (Male) |
| 24:37 | Create | Villager (Male) |
| 24:38 | Create | Villager (Male) |
| 25:50 | Build | Siege Workshop |
| 25:56 | Build | Mining Camp |
| 25:59 | Create | Villager (Male) |
| 26:00 | Create | Villager (Male) |
| 26:01 | Create | Villager (Male) |
| 26:01 | Create | Villager (Male) |
| 26:11 | Research | Stone Shaft Mining |
| 26:18 | Research | Wheelbarrow |
| 26:21 | Research | Heavy Plow |
| 26:36 | Build | House |
| 26:37 | Build | House |
| 26:39 | Build | House |
| 26:40 | Build | House |
| 26:53 | Build | House |
| 26:54 | Build | House |
| 26:55 | Build | House |
| 26:57 | Build | House |
| 27:00 | Build | House |
| 27:04 | Create | Villager (Male) |
Match timeline
| 12:28 | Utnapishtim · age_up feudal |
| 16:09 | ThNgan269 · first_building Barracks |
| 17:06 | ThNgan269 · first_market_buy 100 wood |
| 17:11 | Utnapishtim · age_up castle |
| 17:51 | ThNgan269 · first_building Stable |
| 18:09 | ThNgan269 · first_building Monastery |
| 18:25 | Utnapishtim · first_building Siege Workshop |
| 23:20 | ThNgan269 · first_building Castle |
| 25:44 | Utnapishtim · first_building Stable |
| 25:50 | ThNgan269 · first_building Siege Workshop |
| 27:13 | Utnapishtim · first_building Castle |
| 27:35 | ThNgan269 · first_market_sell 100 wood |
| 29:13 | Utnapishtim · first_building Monastery |
| 29:22 | ThNgan269 · first_building Archery Range |
| 30:59 | Utnapishtim · age_up imperial |
| 32:07 | Utnapishtim · first_market_buy 500 wood |
| 37:00 | Utnapishtim · first_market_sell 500 food |
| 53:07 | ThNgan269 · wall_segment Stone Wall x12 |
| 53:11 | ThNgan269 · wall_segment Stone Wall x4 |
| 63:13 | ThNgan269 · resign |
[ AI ANALYSIS · 1 CREDIT ]
What really happened in this match?
Wolo.gg analyzes every decision: build order, eco, micro, common mistakes by bracket. Personalized analysis on WhatsApp or Discord in 30 seconds.
Civ guide
Khmer
Perfil
Jugador #24005241